AoeStats
← Chaves

Scandinavia

510855520Analyzed
1v1 RM · 15h ago on Oct 2, 2026· 34m 19s· 2 players
Game mode
Random Map
Map size
Tiny (2 player)
Population
200
Speed
Normal
Resources
Standard
Victory
Conquest
Starting age
Dark Age
Ending age
Imperial Age
RankedLock teamsTeams togetherTeam positionsShared explorationLock speedFull tech treeHidden civsTurbo modeCheats
Victory
Defeat
🇧🇷 Armenians · Brazil
976
+17
🇺🇸 Persians · United States
1003
-17
Chaves
4:13 Loom
11:12 Feudal Age
11:46 Double-Bit Axe
11:26 Man-at-Arms
13:00 Gold Mining
13:18 Town Watch
13:39 Long Swordsman
17:58 Scale Mail Armor
18:15 Forging
18:52 Arson
23:50 Pikeman
28:37 Castle Age
30:34 Two-Handed Swordsman
32:03 Chain Mail Armor
33:48 Gambesons
shanzeenee
5:59 Loom
8:54 Feudal Age
10:48 Double-Bit Axe
19:03 Castle Age
17:16 Horse Collar
19:25 Bloodlines
20:44 Scale Barding Armor
28:41 Forging
28:37 Husbandry
30:59 Wheelbarrow
32:11 Heavy Plow
32:16 Elite Skirmisher
32:21 Crossbowman
33:21 Bow Saw
34:51 Thumb Ring
Connection lost

Rejoining the realm…

Still unreachable

The connection could not be restored.

Session expired

The server has moved on; the page needs a fresh start.